 Dungeon Crawl Stone Soup version 0.20-a0-463-g5747544 (webtiles) character file.

16492 esc the Cleaver (level 12, -3/112 HPs)
             Began as a Hill Orc Necromancer on Jan 10, 2017.
             Was an Elder of Beogh.
             Slain by a polar bear (9 damage)
             ... in an ice cave.
             The game lasted 00:57:30 (15210 turns).

esc the Cleaver (Hill Orc Necromancer)             Turns: 15210, Time: 00:57:31

Health: -3/112     AC: 21    Str: 20    XL:     12   Next: 38%
Magic:  0/29       EV: 11    Int: 15    God:    Beogh [****..]
Gold:   622        SH:  0    Dex: 11    Spells: 12/14 levels left

rFire  . . .     SeeInvis .     p - +9 battleaxe (flame)
rCold  + . .     Gourm    .     m - +3 scale mail {rPois}
rNeg   . . .     Faith    .     (shield currently unavailable)
rPois  +         Spirit   +     k - +0 helmet
rElec  .         Reflect  .     n - +2 cloak
rCorr  .         Harm     .     d - +1 pair of gloves of Xoshun {*Slow MP+9 Str+4}
MR     .....                    (no boots)
Stlth  ..........               h - amulet of guardian spirit {Spirit}
                                a - ring of protection from cold {rC+, !d}
                                g - +2 ring of protection

@: no status effects
A: no striking features
a: Smiting, Recall Orcish Followers, Renounce Religion


You were in an ice cave.
You worshipped Beogh.
Beogh was greatly pleased with you.
You were not hungry.

You visited 2 branches of the dungeon, and saw 11 of its levels.
You also visited: Ice Cave.

You collected 622 gold pieces.

Inventory:

Hand Weapons
 p - a +9 battleaxe of flaming (weapon)
   (You took it off a wight on level 6 of the Dungeon)
Missiles
 e - 433 stones (quivered)
Armour
 d - the +1 pair of gloves of Xoshun (worn) {*Slow MP+9 Str+4}
   (You found it on level 8 of the Dungeon)

   It affects your strength (+4).
   It affects your magic capacity (+9).
   It may slow you when you take damage.
 k - a +0 helmet (worn)
   (You found it on level 5 of the Dungeon)
 m - a +3 scale mail of poison resistance (worn)
   (You took it off Edmund on level 4 of the Dungeon)
 n - a +2 cloak (worn)
   (You found it on level 1 of the Dungeon)
 B - a +0 plate armour
   (You found it on level 4 of the Dungeon)
Jewellery
 a - a ring of protection from cold (right hand) {rC+, !d}
   (You took it off a goblin on level 2 of the Dungeon)
 g - a +2 ring of protection (left hand)
   (You found it on level 5 of the Dungeon)
 h - an amulet of guardian spirit (around neck) {Spirit}
   (You found it on level 4 of the Dungeon)
 i - an uncursed ring of protection from fire {rF+, !d}
   (You found it on level 6 of the Dungeon)
 C - an uncursed ring of protection from cold {rC+, !d}
   (You found it in an ice cave)
Wands
 r - a wand of digging (15/24)
   (You took it off a wight on level 6 of the Dungeon)
Scrolls
 j - a scroll of blinking {!r}
 u - a scroll of summoning
 F - 2 scrolls of teleportation
Potions
 f - 2 potions of flight
 t - a potion of mutation {!q}
 w - 2 potions of brilliance
 x - 3 potions of curing
 A - a potion of ambrosia
 G - a potion of lignification {!q}
Books
 b - a book of Necromancy
 c - a book of Cantrips
   (You found it on level 8 of the Dungeon)
 q - a book of Maledictions
   (You found it on level 6 of the Dungeon)
 y - a book of Misfortune
   (You found it on level 4 of the Dungeon)
Comestibles
 l - 3 meat rations {@e2}
 o - 8 royal jellies
 s - a bread ration {@e1}
 z - a slice of pizza
 D - 18 chunks of flesh {@w0}


   Skills:
 + Level 12.1 Fighting
 + Level 12.6 Axes
 + Level 11.3 Armour
 - Level 2.6 Dodging
 - Level 1.5 Stealth
 - Level 1.8 Spellcasting
 - Level 4.2 Necromancy
 + Level 10.8 Invocations


You had 12 spell levels left.
You knew the following spells:

 Your Spells              Type           Power        Failure   Level  Hunger
a - Pain                  Necr           ##..         12%         1    ##.....
s - Animate Skeleton      Necr           N/A          12%         1    ##.....


Dungeon Overview and Level Annotations

Branches:
Dungeon (9/15)             Temple (0/1) D:5            Lair (2/6) D:9
  Swamp: Lair:2-4    Shoals: Lair:2-4     Snake: Lair:2-4    Spider: Lair:2-4
    Orc: D:9-12

Altars:
Ashenzari
Dithmenos
Hepliaklqana
Nemelex Xobeh
Okawaru
Qazlal
Xom
Zin

Shops:
D:4 =

Annotations:
D:3 Grinder


Message History

Health restored: 112 The polar bear bites you but does no damage.
The polar bear claws you but does no damage. x2
The polar bear growls angrily.
You slash the polar bear! You burn the polar bear.
The polar bear closely misses you.
The polar bear claws you but does no damage.
The polar bear closely misses you.
You slice the polar bear!! You burn the polar bear. The polar bear bites you.
The polar bear barely misses you.
The polar bear claws you but does no damage.
You take 2 damage, and have 110/112 hp.
You now have 27/28 mp.
You slash the polar bear! You burn the polar bear.
You kill the polar bear!
Beogh accepts your kill.
Okay, then.
You slice the death yak!! You burn the death yak! The death yak gores you!
You take 11 damage, and have 100/112 hp.
You now have 25/28 mp.
You hit the death yak. You burn the death yak. The death yak gores you!!
You take 18 damage, and have 82/112 hp.
You now have 22/28 mp.
You barely miss the death yak.
The death yak gores you but does no damage.
You slice the death yak!! You burn the death yak!
You kill the death yak!
Beogh accepts your kill.
You closely miss the polar bear.
The polar bear bites you but does no damage.
The polar bear claws you but does no damage. x2
You slash the polar bear! You burn the polar bear.
The polar bear barely misses you.
The polar bear claws you but does no damage. x2
You slash the polar bear! You burn the polar bear!
The polar bear bites you but does no damage.
The polar bear barely misses you. The polar bear misses you.
You hit the polar bear. You burn the polar bear.
The polar bear goes berserk!
You closely miss the polar bear. The polar bear bites you.
The polar bear claws you but does no damage.
The polar bear closely misses you. x3
The polar bear claws you but does no damage.
You take 2 damage, and have 82/112 hp.
You now have 22/28 mp.
You barely miss the polar bear. The polar bear bites you!
The polar bear closely misses you.
The polar bear claws you but does no damage.
You take 11 damage, and have 71/112 hp.
You now have 19/28 mp.
Okay, then.
You slash the frost giant! You burn the frost giant.
You hear an angry growl.
You slash the frost giant! You burn the frost giant.
The frost giant points at you and mumbles some strange words.
The bolt of cold misses you.
You slice the frost giant!! You burn the frost giant.
You hear an angry growl.
The frost giant gestures at you while chanting.
The bolt of cold hits you! You resist.
You take 14 damage, and have 58/112 hp.
You now have 16/28 mp.
You hit the frost giant. You burn the frost giant.
You hear an angry growl.
The frost giant hits you but does no damage.
You hit the frost giant. You burn the frost giant.
You hear an angry growl.
The frost giant casts a spell at you. The bolt of cold hits you! You resist.
You take 10 damage, and have 48/112 hp.
You now have 13/28 mp.
You feel much better.
You hear an angry growl.
The frost giant closely misses you.
You regained 20 hp, and now have 68/112 hp.
You slash the frost giant! You burn the frost giant.
You hear an angry growl.
You barely miss the frost giant.
You hear an angry growl.
The frost giant hits you with a battleaxe of freezing!!
The frost giant freezes you.
You take 32 damage, and have 36/112 hp.
MASSIVE DAMAGE!!
You now have 7/28 mp.
Okay, then.
You hit the frost giant but do no damage.
You hear an angry growl.
The frost giant hits you with a battleaxe of freezing!
* * * LOW HITPOINT WARNING * * *
The frost giant freezes you.
* * * LOW HITPOINT WARNING * * *
You take 10 damage, and have 26/112 hp.
You now have 5/28 mp.
You slice the frost giant!! You burn the frost giant.
The frost giant hits you with a battleaxe of freezing!!
* * * LOW HITPOINT WARNING * * *
The frost giant freezes you.
* * * LOW HITPOINT WARNING * * *
You take 20 damage, and have 6/112 hp.
You now have 1/28 mp.
Okay, then.
Okay, then.
You slash the frost giant! You burn the frost giant.
You kill the frost giant!
Beogh accepts your kill.
Your Fighting skill increases to level 12!
The polar bear bites you!
You die...

### ##.##
##...###
#..⌠.#.#
#......##
#.#.#.#.#
#.#####@##
#.## ##h#
#..####.##
##..##†##
##.##h##
#..##.#
##.##.## .
##..###.#
C.
##..###.Y##


.YY You could see a polar bear (berserk).

Vanquished Creatures
  A frost giant (IceCv)
  A hydra (Lair:1)
  A two-headed ogre (D:9)
  A death yak (IceCv)
  An ice statue (IceCv)
  2 spiny frogs (Lair:1)
  A queen bee (D:8)
  15 polar bears (IceCv)
  5 blink frogs (Lair:2)
  A hippogriff (D:9)
  13 yaks
  Edmund (D:4)
  4 water moccasins
  A porcupine (D:9)
  4 orc warriors
  A black bear (D:9)
  2 sky beasts
  6 ogres
  2 phantoms
  18 wolves (IceCv)
  4 centaurs
  A gnoll sergeant (D:8)
  5 bullfrogs
  16 killer bees
  A scorpion (D:9)
  4 wights (D:6)
  A howler monkey (D:8)
  2 crimson imps
  2 jellies
  3 orc priests
  5 hounds
  4 orc wizards
  5 bullfrog skeletons (D:5)
  2 iguanas
  5 worker ants
  A killer bee zombie (D:9)
  A hound zombie (D:7)
  A hound skeleton (D:6)
  A mummy (D:4)
  A howler monkey zombie (D:9)
  A worker ant zombie (D:5)
  15 gnolls
  11 adders
  A shadow imp (D:8)
  2 oozes (D:1)
  2 adder skeletons
  2 worms
  3 dart slugs
  4 leopard geckos
  36 orcs
  3 ball pythons
  2 giant cockroaches
  6 goblins
  4 hobgoblins
  7 quokkas
  14 bats
  3 frilled lizards
  2 jackal zombies (D:5)
  12 kobolds
  2 kobold zombies (D:4)
  An orc zombie (D:4)
  A quokka skeleton (D:7)
  4 rats
  A fungus (D:9)
285 creatures vanquished.

Vanquished Creatures (collateral kills)
  A worker ant (D:4)
  A frilled lizard (D:1)
  A kobold (D:1)
  A kobold zombie (D:4)
4 creatures vanquished.

Vanquished Creatures (others)
  A wolf (IceCv)
  An orc wizard (D:4)
  An adder (D:4)
  2 orcs (D:4)
  A goblin (D:4)
6 creatures vanquished.

Grand Total: 295 creatures vanquished

Notes
Turn   | Place    | Note
-------+----------+-------------------------------------------
     0 | D:1      | esc the Hill Orc Necromancer began the quest for the Orb.
     0 | D:1      | Reached XP level 1. HP: 14/14 MP: 3/3
    19 | D:1      | Learned a level 1 spell: Animate Skeleton
   211 | D:1      | Reached XP level 2. HP: 8/22 MP: 4/4
  1036 | D:1      | Reached skill level 1 in Armour
  1076 | D:1      | Reached XP level 3. HP: 22/27 MP: 5/5
  1082 | D:1      | Reached skill level 1 in Fighting
  1680 | D:2      | Reached skill level 2 in Dodging
  1692 | D:2      | Reached XP level 4. HP: 27/36 MP: 3/6
  1866 | D:2      | Reached skill level 2 in Fighting
  1976 | D:2      | Reached skill level 2 in Armour
  2653 | D:3      | Noticed Grinder
  2805 | D:3      | Reached XP level 5. HP: 21/42 MP: 1/7
  3082 | D:4      | Noticed Edmund
  3256 | D:4      | Found Ceimo's Jewellery Shoppe.
  3269 | D:4      | Found a shimmering altar of Xom.
  3269 | D:4      | Found a shimmering altar of Xom.
  3271 | D:4      | Found a shimmering altar of Xom.
  3271 | D:4      | Found a shimmering altar of Xom.
  3271 | D:4      | Found a shimmering altar of Xom.
  3271 | D:4      | Found a shimmering altar of Xom.
  3278 | D:4      | Found a shimmering altar of Xom.
  3313 | D:4      | Became a worshipper of Beogh the Brigand
  3514 | D:4      | Reached skill level 3 in Fighting
  3802 | D:4      | Gained mutation: Scrolls take you a little longer to read. [potion of mutation]
  3802 | D:4      | Gained mutation: You evolve. [potion of mutation]
  3802 | D:4      | Gained mutation: You are partially covered in iridescent scales. (AC +2) [potion of mutation]
  3804 | D:4      | Lost mutation: You evolve. [potion of cure mutation]
  3804 | D:4      | Lost mutation: Scrolls take you a little longer to read. [potion of cure mutation]
  3804 | D:4      | Lost mutation: You are partially covered in iridescent scales. (AC +2) [potion of cure mutation]
  4206 | D:4      | Reached skill level 1 in Axes
  4206 | D:4      | Reached skill level 3 in Armour
  4342 | D:3      | Reached XP level 6. HP: 46/51 MP: 8/8
  4453 | D:5      | Entered Level 5 of the Dungeon
  4508 | D:5      | Reached skill level 2 in Axes
  5010 | D:5      | Noticed an orc warrior
  5186 | D:5      | Found a sparkling altar of Nemelex Xobeh.
  5351 | D:6      | Reached skill level 4 in Fighting
  5621 | D:6      | Reached skill level 3 in Axes
  5621 | D:6      | Reached skill level 4 in Armour
  5649 | D:6      | Reached XP level 7. HP: 17/60 MP: 6/9
  6126 | D:6      | Reached skill level 5 in Fighting
  6205 | D:6      | Reached skill level 4 in Axes
  6423 | D:6      | Reached * piety under Beogh
  6423 | D:6      | Reached skill level 5 in Armour
  6640 | D:5      | Reached skill level 5 in Axes
  6640 | D:5      | Reached XP level 8. HP: 44/70 MP: 5/10
  6779 | D:5      | Found a shattered altar of Ashenzari.
  6787 | D:5      | Reached skill level 6 in Fighting
  7038 | D:5      | Found a staircase to the Ecumenical Temple.
  7162 | D:5      | Reached skill level 6 in Armour
  7279 | D:6      | Reached skill level 6 in Axes
  7989 | D:7      | Reached skill level 7 in Fighting
  8057 | D:7      | Reached skill level 7 in Axes
  8315 | D:7      | Reached XP level 9. HP: 77/79 MP: 11/11
  8437 | D:7      | Reached ** piety under Beogh
  8437 | D:7      | Reached skill level 7 in Armour
  8577 | D:7      | Found an iron altar of Okawaru.
  8662 | D:7      | Reached skill level 1 in Invocations
  8822 | D:8      | Noticed a two-headed ogre
  8867 | D:7      | Reached skill level 2 in Invocations
  8970 | D:8      | Reached skill level 8 in Fighting
  9055 | D:8      | Noticed a queen bee
  9057 | D:8      | Noticed a two-headed ogre
  9099 | D:8      | HP: 17/81 [two-headed ogre/giant club (19)]
  9132 | D:7      | Reached skill level 8 in Axes
  9492 | D:4      | Killed Edmund
  9581 | D:4      | Reached skill level 3 in Invocations
 10299 | D:7      | HP: 20/82 [two-headed ogre/giant spiked club (14)]
 10867 | D:7      | Reached skill level 4 in Invocations
 11043 | D:8      | Killed a queen bee
 11043 | D:8      | Reached skill level 8 in Armour
 11059 | D:8      | Reached skill level 9 in Fighting
 11118 | D:8      | Reached skill level 5 in Invocations
 11239 | D:8      | Reached XP level 10. HP: 91/91 MP: 13/13
 11369 | D:8      | Reached skill level 9 in Axes
 11407 | D:8      | Got a pair of jewelled gloves
 11652 | D:7      | Identified the +1 pair of gloves of Xoshun {*Slow MP+9 Str+4} (You found it on level 8 of the Dungeon)
 12034 | D:8      | Reached skill level 6 in Invocations
 12363 | D:9      | Found a hazy altar of Hepliaklqana.
 12462 | D:9      | Found a shadowy altar of Dithmenos.
 12544 | D:9      | Found a glowing silver altar of Zin.
 12576 | D:9      | Reached *** piety under Beogh
 12580 | D:9      | Noticed a two-headed ogre
 12734 | D:9      | Found a staircase to the Lair.
 12752 | D:9      | Killed a two-headed ogre
 12752 | D:9      | Reached skill level 9 in Armour
 12752 | D:9      | Reached skill level 7 in Invocations
 12891 | Lair:1   | Entered Level 1 of the Lair of Beasts
 12891 | Lair:1   | Noticed a spiny frog
 12895 | D:9      | Reached skill level 10 in Axes
 12944 | D:9      | Found an iron altar of Okawaru.
 12987 | D:9      | Found a stormy altar of Qazlal.
 13011 | D:9      | Reached skill level 10 in Fighting
 13218 | Lair:1   | Killed a spiny frog
 13447 | Lair:1   | Noticed a spiny frog
 13465 | Lair:1   | Killed a spiny frog
 13483 | Lair:1   | Noticed a six-headed hydra
 13559 | Lair:1   | Killed a two-headed hydra
 13559 | Lair:1   | Reached skill level 8 in Invocations
 13559 | Lair:1   | Reached XP level 11. HP: 81/101 MP: 17/17
 13966 | Lair:2   | Found a frozen archway.
 13983 | Lair:2   | Reached skill level 11 in Axes
 13985 | Lair:2   | Reached skill level 10 in Armour
 14078 | IceCv    | Entered an ice cave
 14172 | IceCv    | Reached skill level 11 in Fighting
 14172 | IceCv    | Reached skill level 9 in Invocations
 14629 | IceCv    | Reached **** piety under Beogh
 14813 | IceCv    | Reached skill level 12 in Axes
 14815 | IceCv    | Reached skill level 10 in Invocations
 14824 | IceCv    | Reached XP level 12. HP: 47/110 MP: 12/19
 15090 | IceCv    | Reached skill level 11 in Armour
 15170 | IceCv    | Noticed a frost giant
 15170 | IceCv    | Noticed a death yak
 15193 | IceCv    | Killed a death yak
 15208 | IceCv    | HP: 28/112 [frost giant/battleaxe of freezing (8)]
 15209 | IceCv    | HP: 7/112 [frost giant/battleaxe of freezing (19)]
 15210 | IceCv    | Killed a frost giant
 15210 | IceCv    | Reached skill level 12 in Fighting
 15210 | IceCv    | Slain by a polar bear

Vault maps used:
D:1:      erik_arrival_gehennom, minmay_fountain_box
D:2:      kennysheep_pointless_box, grunt_decor_resistance
D:3:      uniq_grinder
D:4:      xom_redecorated, serial_shops, shop, minmay_misc_feat_four_crosses,
          minmay_mini_ossuary, uniq_edmund
D:5:      marbit_many_paths, nicolae_overflow_crystal_walls, first_bread
D:7:      kennysheep_mini_moat
D:8:      david_nohive_1, wad_floor_pattern_2
D:9:      old_standard_altar, old_standard_altar, grunt_qazlal_sundering,
          old_standard_altar, dpeg_oklobed_lair, basic_altar
Lair:2:   portal_ice_cave_entry_pillars_2, grunt_megastairs_3
IceCv:    ice_cave_caverns_02

Skill      XL: |  1  2  3  4  5  6  7  8  9 10 11 12 |
---------------+-------------------------------------+-----
Armour         | 1 2 3 4 5 6 8 9 10 11 | 11.3
Fighting       | 1 2 3 4 5 7 9 10 11 12 | 12.1
Dodging        | 2 |  2.6
Axes           | 1 3 5 7 8 10 12 | 12.6
Invocations    | 5 8 10 | 10.8
Stealth        | |  1.5
Spellcasting   | |  1.8
Necromancy     | |  4.2

Action                   |  1- 3 |  4- 6 |  7- 9 | 10-12 || total
-------------------------+-------+-------+-------+-------++-------
Melee: Unarmed           |    42 |       |       |       ||    42
       Short sword       |    91 |   138 |       |       ||   229
       War axe           |       |   221 |       |       ||   221
       Falchion          |       |     6 |    80 |       ||    86
       Battleaxe         |       |       |   332 |   311 ||   643
Throw: Stone             |       |       |    12 |       ||    12
 Cast: Animate Skeleton  |     8 |    10 |       |       ||    18
       Pain              |     7 |    18 |       |       ||    25
Invok: Convert to Beogh  |       |     1 |       |       ||     1
       Smiting           |       |       |     4 |     3 ||     7
Evoke: Wand              |       |       |     1 |       ||     1
  Use: Scroll            |       |    11 |     4 |    14 ||    29
       Potion            |       |     6 |     6 |     1 ||    13
 Stab: Sleeping          |     1 |       |       |       ||     1
  Eat: Chunk             |     3 |     8 |     5 |     9 ||    25
       Bread ration      |       |     1 |     3 |     1 ||     5
       Beef jerky        |       |     1 |       |       ||     1
Armor: Ring mail         |    60 |    49 |       |       ||   109
       Robe              |     2 |       |       |       ||     2
       Plate armour      |       |   304 |   306 |       ||   610
       Scale mail        |       |       |   137 |   255 ||   392
Dodge: Dodged            |    75 |   136 |   195 |   213 ||   619
       Rpst.: Falchion   |       |       |     9 |       ||     9

Vault maps used:
D:1:      erik_arrival_gehennom, minmay_fountain_box
D:2:      kennysheep_pointless_box, grunt_decor_resistance
D:3:      uniq_grinder
D:4:      xom_redecorated, serial_shops, shop, minmay_misc_feat_four_crosses,
          minmay_mini_ossuary, uniq_edmund
D:5:      marbit_many_paths, nicolae_overflow_crystal_walls, first_bread
D:7:      kennysheep_mini_moat
D:8:      david_nohive_1, wad_floor_pattern_2
D:9:      old_standard_altar, old_standard_altar, grunt_qazlal_sundering,
          old_standard_altar, dpeg_oklobed_lair, basic_altar
Lair:2:   portal_ice_cave_entry_pillars_2, grunt_megastairs_3
IceCv:    ice_cave_caverns_02

Table legend:
 A = Turns spent in this place as a percentage of turns spent in the entire game.
 B = Non-inter-level travel turns spent in this place as a percentage of non-inter-level travel turns spent in the entire game.
 C = Inter-level travel turns spent in this place as a percentage of turns spent in this place.
 D = Turns resting spent in this place as a percentage of non-inter-level travel turns spent in this place.
 E = Turns spent auto-exploring this place as a percentage of non-inter-level travel turns spent in this place.
 F = Non-inter-level travel turns spent in this place divided by the number of levels of this place that you've seen.
                   A       B       C       D       E      F
               +-------+-------+-------+-------+-------+----------------------
         Total | 100.0 | 100.0 |   0.9 |   3.0 |   5.3 | 402.2
       Dungeon |  87.0 |  86.9 |   1.0 |   2.7 |   5.4 | 465.8
          Lair |   4.6 |   4.6 |   0.5 |   4.5 |   4.5 | 110.5
      Ice Cave |   8.5 |   8.6 |   0.0 |   5.1 |   3.9 | 413.0
               +-------+-------+-------+-------+-------+----------------------

Table legend:
 A = Kills in this place as a percentage of kills in entire the game.
 B = Kills by you in this place as a percentage of kills by you in the entire game.
 C = Kills by friends in this place as a percentage of kills by friends in the entire game.
 D = Other kills in this place as a percentage of other kills in the entire game.
 E = Experience gained in this place as a percentage of experience gained in the entire game.
 F = Experience gained in this place divided by the number of levels of this place that you have seen.
                   A       B       C       D       E      F
               +-------+-------+-------+-------+-------+----------------------
         Total | 100.0 | 100.0 | 100.0 |  -nan | 100.0 | 1963.3
       Dungeon |  79.2 |  78.9 | 100.0 |  -nan |  34.5 | 902.0
          Lair |   4.5 |   4.6 |   0.0 |  -nan |  16.7 | 1968.0
      Ice Cave |  16.3 |  16.5 |   0.0 |  -nan |  48.8 | 11506.0
               +-------+-------+-------+-------+-------+----------------------
